 Dungeon Sprint DCSS version 0.17-a0-1642-gd4b747b (webtiles) character file.

274 nuthulu the Fighter (level 8, -1/63 HPs)
             Began as a Gargoyle Fighter on Aug 8, 2015.
             Was an Elder of Trog.
             Slain by a nine-headed hydra (9 damage)
             ... summoned by a witch
             ... in the Dungeon (Sprint VI: "Thunderdome").
             The game lasted 00:04:29 (613 turns).

nuthulu the Fighter (Gargoyle Fighter)               Turns: 613, Time: 00:04:29

Health: -1/63      AC: 12    Str: 39    XL:     8   Next: 1%
Magic:  8/8        EV:  8    Int: 15    God:    Trog [****..]
Gold:   177        SH: 11    Dex: 11    Spells: 0 memorised, 7 levels left

rFire  . . .     SeeInvis .     r - +0 broad axe
rCold  . . .     Clarity  .     b - +0 scale mail
rNeg   + + .     SustAt   .     c - +0 shield
rPois  ∞         Gourm    .     (no helmet)
rElec  +         Spirit   .     (no cloak)
rCorr  .         Warding  .     (no gloves)
rMut   .         NoTele   +     (no boots)
MR     ++...                    s - amulet of Qifeazid {Faith *Corrode *Drain MR+ Str+11}
Stlth  ..........               q - ring of Charity {rElec rN+ MR+ Int+2}
                                p - ring "Maanoun" {+Inv Str+4 Int+3 Slay+2}

@: mighty, very slightly contaminated, hasted, very quick, very resistant to
hostile enchantments, extremely unstealthy
A: negative energy resistance 1, electricity resistance, unbreathing,
petrification resistance, rot immunity, AC +5
a: Burn Spellbooks, Berserk, Trog's Hand, Brothers in Arms, Renounce Religion,
Evoke Invisibility


You were in the Dungeon.
You worshipped Trog.
Trog was greatly pleased with you.
You were not hungry.

You visited 1 branch You collected 600 gold pieces.
You spent 423 gold pieces at shops.

Inventory:

Hand weapons
 a - a +0 war axe
 r - a +0 broad axe (weapon)
Armour
 b - a +0 scale mail (worn)
 c - a +0 shield (worn)
Jewellery
 p - the ring "Maanoun" (left hand) {+Inv Str+4 Int+3 Slay+2}
   (You bought it in a shop in the Dungeon)

   [ring of intelligence]

   It affects your strength (+4).
   It affects your intelligence (+3).
   It affects your accuracy and damage with ranged weapons and melee attacks
   (+2).
   It lets you turn invisible.
 q - the ring of Charity (right hand) {rElec rN+ MR+ Int+2}
   (You bought it in a shop in the Dungeon)

   [ring of protection from magic]

   It affects your intelligence (+2).
   It insulates you from electricity.
   It protects you from negative energy.
   It affects your resistance to hostile enchantments.
 s - the amulet of Qifeazid (around neck) {Faith *Corrode *Drain MR+ Str+11}
   (You bought it in a shop in the Dungeon)

   [amulet of faith]

   It allows you to gain divine favour quickly.
   It affects your strength (+11).
   It affects your resistance to hostile enchantments.
   It may corrode your equipment when you take damage.
   It causes draining when unequipped.
Magical devices
 l - a wand of cold (4)
 m - a wand of fire (5)
Scrolls
 k - 4 scrolls of blinking
 n - 3 scrolls of fog
Potions
 d - 3 potions of might
 f - a potion of curing
 h - 2 potions of haste
 i - 2 potions of magic
 j - a potion of berserk rage
 o - a potion of resistance
Comestibles
 e - a bread ration


   Skills:
 + Level 13.0 Fighting
 + Level 11.1 Axes
 - Level 3.2 Armour
 - Level 3.2 Shields


You had 7 spell levels left.
You didn't know any spells.

Dungeon Overview and Level Annotations

Branches:
Dungeon (1/1)

Altars:
Cheibriados
Dithmenos
Fedhas
Gozag
Kikubaaqudgha
Makhleb
Okawaru
Qazlal
Ru
Sif Muna
Trog
Vehumet
Xom
Yredelemnul
Zin
The Shining One
Jiyva
Lugonu

Shops:
D *[%??*?*:[((!!!!


Innate Abilities, Weirdness & Mutations

You are resistant to torment.
Your stone body is resilient (AC +5).
You are immune to poison.
You resist negative energy.
You are resistant to electric shocks.
You can survive without breathing.
You are immune to petrification.
You are immune to rotting.


Message History

The nine-headed hydra bites you but does no damage. x2
The nine-headed hydra closely misses you.
You block the nine-headed hydra's attack.
The nine-headed hydra bites you. x2
The nine-headed hydra bites you!
* * * LOW HITPOINT WARNING * * *
You block the nine-headed hydra's attack.
The nine-headed hydra bites you.
* * * LOW HITPOINT WARNING * * *
You are very lightly contaminated with residual magic.
You slice something!! You barely miss the nine-headed hydra.
The nine-headed hydra is lightly wounded.
You hear some strange, mumbled words.
A foul vapour appears from out of thin air!
The ball explodes into a vile cloud!
The stinking cloud engulfs you!
The stinking cloud engulfs something.
The stinking cloud engulfs the nine-headed hydra.
You block the nine-headed hydra's attack.
The nine-headed hydra bites you!
You die...

........###...###..........⌠#
...........###.............##
∩........8.# #.8........∩###
#∩__.......###......_._∩##
######.8.........8.######
#⌠...........⌠#
###.........### #_.......§#
#_......§@# #_....D.{D#
#∩.......y# ##∩.....∩##
##.....## ##⌠⌠⌠## #####


You could see a nine-headed hydra, a four-headed hydra and a hornet.

Vanquished Creatures
  A giant leech (D)
  2 water moccasins (D)
  A crimson imp (D)
  6 vampire bats (D)
  6 orc priests (D)
  An iron imp (D)
  An adder (D)
  A white imp (D)
  3 ufetubi (D)
  2 ball pythons (D)
24 creatures vanquished.

Notes
Turn   | Place    | Note
--------------------------------------------------------------
     0 | D        | nuthulu the Gargoyle Fighter began the quest for the Orb.
     0 | D        | Reached XP level 1. HP: 14/14 MP: 1/1
     2 | D        | Found a shimmering altar of Xom.
     3 | D        | Found a radiant altar of Vehumet.
     4 | D        | Found a deep blue altar of Sif Muna.
     4 | D        | Found a burning altar of Makhleb.
     5 | D        | Found Jycvu's Do-It-Yourself Clinic.
     5 | D        | Found an ancient bone altar of Kikubaaqudgha.
     5 | D        | Found a stormy altar of Qazlal.
     5 | D        | Found Utuotis's Distillery.
     5 | D        | Round 1.
     6 | D        | Found Eduody's Bottled Wisdom.
     6 | D        | Found Funoef's Distillery.
    16 | D        | Bought 6 potions of might for 168 gold pieces
    18 | D        | Found a glowing silver altar of Zin.
    20 | D        | Found a corrupted altar of Lugonu.
    22 | D        | Found Jon Olit's Staff Store.
    23 | D        | Found a shadowy altar of Dithmenos.
    23 | D        | Found an iron altar of Okawaru.
    23 | D        | Found Ocaf's Magic Scroll Shop.
    23 | D        | Found Quabb's Must-Have Magic.
    23 | D        | Found Fadacodd's Magic Scroll Shop.
    30 | D        | Found a bloodstained altar of Trog.
    32 | D        | Found a basalt altar of Yredelemnul.
    32 | D        | Found Ytenof's Bee Food.
    32 | D        | Found Kahe's Jewellery.
    33 | D        | Found Cuonynki's Advanced Armour.
    36 | D        | Became a worshipper of Trog the Wrathful
    45 | D        | Reached skill level 4 in Fighting
    45 | D        | Reached XP level 2. HP: 16/20 MP: 2/2
    66 | D        | Acquired Trog's first power
    66 | D        | Reached skill level 6 in Fighting
    66 | D        | Reached XP level 3. HP: 20/27 MP: 3/3
   140 | D        | Acquired Trog's second power
   140 | D        | Reached skill level 7 in Fighting
   140 | D        | Reached skill level 5 in Axes
   140 | D        | Reached XP level 4. HP: 29/34 MP: 4/4
   149 | D        | Arena points: 14 (+14) [x2]
   161 | D        | Found a snail-covered altar of Cheibriados.
   161 | D        | Found a viscous altar of Jiyva.
   161 | D        | Found Fofiza's Identification Station.
   169 | D        | Bought a bound lead ring for 45 gold pieces
   169 | D        | Identified the ring "Maanoun" {+Inv Str+4 Int+3 Slay+2} (You bought it in a shop in the Dungeon)
   195 | D        | Round 2.
   197 | D        | Noticed a water moccasin
   197 | D        | Noticed a water moccasin
   207 | D        | Killed a water moccasin
   207 | D        | Reached skill level 9 in Fighting
   207 | D        | Reached XP level 5. HP: 36/41 MP: 5/5
   213 | D        | Killed a water moccasin
   213 | D        | Reached skill level 10 in Fighting
   213 | D        | Reached XP level 6. HP: 30/48 MP: 6/6
   245 | D        | Found an opulent altar of Gozag.
   246 | D        | Found a sacrificial altar of Ru.
   247 | D        | Found a blossoming altar of Fedhas.
   248 | D        | Found a glowing golden altar of the Shining One.
   248 | D        | Found Iwirrul's Premium Goods.
   248 | D        | Found Moudovog's Weapon Rack.
   249 | D        | Found Colyjack's Miscellaneous Merchandise.
   249 | D        | Found Juent's Basic Armour.
   264 | D        | Noticed a water moccasin
   267 | D        | Arena points: 50 (+36) [x3]
   282 | D        | Round 3.
   285 | D        | Bought a brightly glowing iron ring for 45 gold pieces
   285 | D        | Identified the ring of Charity {rElec rN+ MR+ Int+2} (You bought it in a shop in the Dungeon)
   364 | D        | Reached skill level 11 in Fighting
   391 | D        | Reached XP level 7. HP: 54/54 MP: 7/7
   423 | D        | Arena points: 134 (+84) [x4]
   423 | D        | Reached skill level 10 in Axes
   440 | D        | Bought a +0 broad axe for 120 gold pieces
   468 | D        | Round 4.
   490 | D        | Reached skill level 12 in Fighting
   492 | D        | Acquired Trog's third power
   513 | D        | Arena points: 274 (+140) [x5]
   537 | D        | Bought a wavering pewter amulet for 45 gold pieces
   537 | D        | Identified the amulet of Qifeazid {Faith *Corrode *Drain MR+ Str+11} (You bought it in a shop in the Dungeon)
   547 | D        | Round 5.
   569 | D        | Noticed a giant leech
   579 | D        | Killed a giant leech
   579 | D        | Reached skill level 13 in Fighting
   579 | D        | Reached XP level 8. HP: 54/63 MP: 8/8
   586 | D        | Noticed a witch
   603 | D        | Noticed a hornet
   607 | D        | Noticed a seven-headed hydra
   613 | D        | Noticed a four-headed hydra
   613 | D        | Slain by a nine-headed hydra

Vault maps used:
D:        arena_sprint

Action                   |  1- 3 |  4- 6 |  7- 9 || total
-------------------------+-------+-------+-------++-------
Melee: War axe           |    14 |    40 |    10 ||    64
       Broad axe         |       |       |    19 ||    19
Invok: Trog's Hand       |       |       |     1 ||     1
       Brothers in Arms  |       |       |     1 ||     1
Evoke: Wand              |       |       |     1 ||     1
  Use: Potion            |     2 |     3 |     5 ||    10
